 Dungeon Crawl Stone Soup version 0.29.1-15-g9cfb28693d (webtiles) character file.

Game seed: 13938975216529855524

108 Peloso the Covered (level 4, 0/41 HPs)
             Began as a Minotaur Fighter on Apr 23, 2023.
             Slain by a quokka (4 damage)
             ... on level 3 of the Dungeon.
             The game lasted 00:03:24 (2043 turns).

Peloso the Covered (Minotaur Fighter)               Turns: 2043, Time: 00:03:24

Health: 0/41       AC:  7    Str: 20    XL:     4   Next: 58%
Magic:  3/3        EV:  9    Int:  5    God:
Gold:   118        SH:  5    Dex: 12    Spells: 3/3 levels left

rFire   . . .      SeeInvis .   a - +0 long sword
rCold   . . .      Faith    .   d - +0 buckler
rNeg    . . .      Spirit   .   c - +0 scale mail
rPois   .          Reflect  .   (helmet restricted)
rElec   .          Harm     .   (no cloak)
rCorr   .          Rampage  .   (no gloves)
Will    .....                   (no boots)
Stlth   ..........              (no amulet)
HPRegen 0.13/turn               (no ring)
MPRegen 0.08/turn               (no ring)

@: no status effects
A: horns 2, retaliatory headbutt
a: no special abilities


You were on level 3 of the Dungeon.
You visited 1 branch of the dungeon, and saw 3 of its levels.

You collected 118 gold pieces.

Inventory:

Hand Weapons
 a - a +0 long sword (weapon)
 b - the +5 dagger "Xoep" {freeze, Str+5}
   (You found it on level 2 of the Dungeon)

   It freezes those it strikes, dealing additional cold damage.
   It can also slow down cold-blooded creatures.
   Str:       It affects your strength (+5).
Armour
 c - a +0 scale mail (worn)
 d - a +0 buckler (worn)
Scrolls
 e - a scroll of fear {unknown}
 g - 2 scrolls of teleportation
 i - 3 scrolls of fog {unknown}
 k - a scroll of acquirement {unknown}
Potions
 f - a potion of cancellation
 h - a potion of might
 j - a potion of attraction {unknown}


   Skills:
 + Level 4.3 Fighting
 + Level 4.0 Long Blades
 + Level 4.5 Armour
 + Level 0.4 Dodging
 + Level 4.2 Shields


You had 3 spell levels left.
You didn't know any spells.
Your spell library contained the following spells:

 Spells                   Type           Power      Damage    Failure   Level
 Necrotise                Necr           0%         1d4       88%         1
 Dazzling Flash           Conj/Hex       0%         N/A       99%         3
 Portal Projectile        Hex/Tloc       0%         N/A       99%         3
 Tukima's Dance           Hex            0%         N/A       99%         3
 Vampiric Draining        Necr           0%         2d6       99%         3
 Animate Armour           Summ/Erth      0%         N/A       100%        4
 Iskenderun's Mystic Bla  Conj/Tloc      0%         2d3       100%        4
 Agony                    Necr           0%         N/A       100%        5
 Blade Hands              Tmut           0%         N/A       100%        5
 Iron Shot                Conj/Erth      0%         9d1       100%        6
 Starburst                Conj/Fire      0%         6d3       100%        6


Dungeon Overview and Level Annotations

Branches:
Dungeon (3/15)

Altars:
Elyvilon

Shops:
D:2 :


Innate Abilities, Weirdness & Mutations

You have a pair of horns on your head.
You reflexively headbutt those who attack you in melee.


Message History

The gnoll hits you with a +0 flail.
A gnoll comes into view. It is wielding a +0 whip.
You hit the gnoll but do no damage. Your headbutt misses the gnoll.
The gnoll is almost dead.
The gnoll hits you but does no damage. x2
You hit the gnoll.
You kill the gnoll!
Unknown command.
You hit the gnoll but do no damage.
The gnoll is lightly wounded.
The gnoll barely misses you.
Unknown command.
You hit the gnoll. You headbutt the gnoll!
The gnoll is severely wounded.
The gnoll hits you with a +0 flail.
You closely miss the gnoll. You headbutt the gnoll.
The gnoll is almost dead.
The gnoll hits you with a +0 flail!
* * * LOW HITPOINT WARNING * * *
The gnoll barely misses you. You furiously retaliate!
You headbutt the gnoll.
You kill the gnoll!
Your Long Blades skill increases to level 4!
The quokka attacks as you move away! You block the quokka's attack.
The quokka attacks as you move away! You block the quokka's attack.
The quokka bites you.
* * * LOW HITPOINT WARNING * * *
You see here a +0 club.
The quokka attacks as you move away!
The quokka bites you but does no damage.
The quokka attacks as you move away! The quokka closely misses you.
You furiously retaliate!
You headbutt the quokka. The quokka closely misses you.
The quokka twitches its whiskers.
The quokka attacks as you move away!
The quokka bites you but does no damage.
The quokka attacks as you move away! The quokka bites you.
* * * LOW HITPOINT WARNING * * *
The quokka misses you. The quokka attacks as you move away!
The quokka bites you.
You die...

#.#♣P..._....♣#....#
#######.#♣.♣P...P♣.♣#....#
.........P.♣♣P..♣♣.P'....#
#########..P♣♣.♣♣Pb.#....#
#).~~P..P..P~≈#.####
#)#≈~.P♣♣♣P.~~#.#
#######)#...........#.#
......#)#.###########.###########
......))).......@r.g.g....)......
#..<#...#.#####.#################
#.#######.# #. # ..# .. g### ...
.g .... .g #....


gg. ##### g.. You could see 2 gnolls and a quokka.

Vanquished Creatures
  Terence (D:2)
  Robin (D:3)
  2 gnolls (D:3)
  A worm (D:3)
  3 ball pythons
  An endoplasm (D:1)
  2 giant cockroaches
  5 hobgoblins
  3 jackals (D:1)
  2 quokkas
  3 bats
  2 frilled lizards (D:1)
  15 goblins
  7 kobolds
  2 rats
50 creatures vanquished.

Vanquished Creatures (others)
  A goblin (D:3)
1 creature vanquished.

Grand Total: 51 creatures vanquished

Notes
Turn   | Place    | Note
-------+----------+-------------------------------------------
     0 | D:1      | Peloso the Minotaur Fighter began the quest for the Orb.
     0 | D:1      | Reached XP level 1. HP: 19/19 MP: 0/0
   436 | D:1      | Reached XP level 2. HP: 26/26 MP: 1/1
  1119 | D:2      | Identified the +7 sling "Dysymm" {flame, Contam rElec MP+9
                  | Stlth+}
  1167 | D:2      | Noticed Terence
  1175 | D:2      | Killed Terence
  1176 | D:2      | Reached XP level 3. HP: 14/33 MP: 2/2
  1427 | D:2      | Found a faded altar of an unknown god.
  1592 | D:2      | Identified the +5 dagger "Xoep" {freeze, Str+5}
  1639 | D:2      | Found Kaos's Book Shoppe.
  1781 | D:3      | Noticed Robin
  1800 | D:3      | Killed Robin
  1801 | D:3      | Reached XP level 4. HP: 30/40 MP: 3/3
  1893 | D:3      | Found a white marble altar of Elyvilon.
  2043 | D:3      | Slain by a quokka

Illustrated notes

Levels and vault maps discovered:
D:1:      elethiomel_arrival_shortcut, layout_basic, serial_co_window_serial,
          co_window_paths_b, co_window_corner_a, co_window_corner_a,
          co_window_corner_a, co_window_paths_b, co_window_paths_a,
          co_window_corner_a, co_window_corner_b, co_window_corner_b,
          co_window_2corner, glass_columns_c, glass_columns_c
D:2:      layout_rooms, serial_shops, shop,
          shapermc_ecumenical_altar_mp_ritualfount, uniq_terence
D:3:      layout_basic, nicolae_elyvilon_peaceful_grove,
          dancing_weapons_uskayaw, minmay_misc_feat_doors, uniq_robin

Skill      XL: |  1  2  3  4 |
---------------+-------------+-----
Shields        | 4 |  4.2
Fighting       | 4 |  4.3
Long Blades    | 3 4 |  4.0
Armour         | 4 |  4.5
Dodging        | |  0.4

Action                   |  1- 3 |  4- 6 || total
-------------------------+-------+-------++-------
Melee: Long sword        |    71 |    41 ||   112
       Headbutt          |    10 |     9 ||    19
  Use: Scroll            |     3 |       ||     3
       Potion            |     2 |       ||     2
Armor: Scale mail        |    34 |    10 ||    44
Dodge: Dodged            |    52 |    18 ||    70
Block: Buckler           |    14 |    10 ||    24
